 Dungeon Crawl Stone Soup version 0.30.0 (webtiles) character file.

Game seed: 13829576164928265485

6762 Jarnaxa the Thaumaturge (level 10, -5/50 HPs)
             Began as a Deep Elf Fire Elementalist on May 6, 2023.
             Was a Priest of Vehumet.
             Slain by a yak (11 damage)
             ... on level 9 of the Dungeon.
             The game lasted 00:31:53 (10538 turns).

Jarnaxa the Thaumaturge (DEFE)                     Turns: 10538, Time: 00:31:53

Health: -5/50      AC:  7    Str:  5    XL:     10   Next: 75%
Magic:  14/29      EV: 12    Int: 25    God:    Vehumet [***...]
Gold:   529        SH:  0    Dex: 15    Spells: 20/36 levels left

rFire   + . .        (no weapon)
rCold   x . .        (no shield)
rNeg    . . .        a - +0 robe
rPois   +            t - +1 hat
rElec   .            i - +1 cloak
rCorr   .            h - +1 pair of gloves
SInv    .            (no boots)
Will    +....        (no amulet)
Stlth   ++           k - ring of poison resistance
HPRegen 0.28/turn    m - ring of fire
MPRegen 0.21/turn

%: no passive effects
@: no status effects
A: no striking features
a: Renounce Religion


You were on level 9 of the Dungeon.
You worshipped Vehumet.
Vehumet was most pleased with you.
You visited 1 branch of the dungeon, and saw 9 of its levels.

You collected 529 gold pieces.

Inventory:

Armour
 a - a +0 robe (worn)
 h - a +1 pair of gloves (worn)
 i - a +1 cloak (worn)
 t - a +1 hat (worn)
Jewellery
 k - a ring of poison resistance (left hand)
 m - a ring of fire (right hand)
Wands
 p - a wand of charming (17)
 s - a wand of flame (20)
Scrolls
 b - a scroll of fear
 c - 2 scrolls of amnesia
 d - a scroll of butterflies {unknown}
 e - 3 scrolls of poison
Potions
 f - a potion of heal wounds
 g - 6 potions of ambrosia
 j - 2 potions of brilliance
 l - 3 potions of mutation
 n - a potion of cancellation {unknown}
 q - a potion of flight
 r - a potion of might


   Skills:
 - Level 2.4 Dodging
 - Level 2.4 Stealth
 + Level 13.7 Spellcasting
 * Level 9.2 Conjurations
 + Level 11.1 Fire Magic
 + Level 1.1 Air Magic


You had 20 spell levels left.
You knew the following spells:

 Your Spells              Type           Power      Damage    Failure   Level
a - Foxfire               Conj/Fire      100%       2x1d9     1%          1
b - Scorch                Fire           100%       2d9       1%          2
c - Shock                 Conj/Air       100%       1d9       1%          1
d - Flame Wave            Conj/Fire      80%        2d17      1%          4
f - Ignite Poison         Fire/Tmut/Pois 52%        N/A       1%          3
g - Stone Arrow           Conj/Erth      80%        3d12      1%          3
h - Sublimation of Blood  Necr           17%        N/A       4%          2

Your spell library contained the following spells:

 Spells                   Type           Power      Damage    Failure   Level
 Fulminant Prism          Conj/Hex       20%        3d12      1%          4
 Poisonous Vapours        Pois/Air       40%        N/A       1%          2
 Inner Flame              Hex/Fire       61%        N/A       1%          3
 Volatile Blastmotes      Fire/Tloc      100%       2d18      1%          3
 Apportation              Tloc           34%        N/A       3%          1
 Slow                     Hex            68%        N/A       3%          1
 Sting                    Tmut/Pois      68%        1d6       3%          1
 Lesser Beckoning         Tloc           34%        N/A       4%          2
 Wereblood                Tmut           17%        N/A       4%          2
 Olgreb's Toxic Radiance  Pois           17%        N/A       9%          4
 Confusing Touch          Hex            17%        N/A       10%         3
 Gell's Gravitas          Tloc           17%        N/A       10%         3
 Teleport Other           Tloc           17%        N/A       10%         3
 Vampiric Draining        Necr           17%        2d7       10%         3
 Alistair's Intoxication  Tmut/Pois      11%        N/A       67%         5
 Summon Hydra             Summ           8%         N/A       100%        7


Dungeon Overview and Level Annotations

Branches:
Dungeon (9/15)             Temple (0/1) D:5
   Lair: D:8-11         Orc: D:9-12

Altars:
Vehumet
Wu Jian

Shops:
D:4 :

Annotations:
D:5 3 runed translucent doors, Mysteryquy's ghost, novice DrFi


Message History

Confirm with . or Enter, or press ? or * to list all spells.
Casting: Flame Wave (safe; 1% risk of failure)
Press: ? - help, Dir - look around, f - activate You feel a surge of power!
A wave of flame ripples out!
The flame wave engulfs the yak!
The yak is almost dead. (Press . to intensify the flame waves.)
You hear a bellow!
The yak misses you.
A wave of flame ripples out!
The flame wave engulfs the yak!
You kill the yak!
Vehumet accepts your kill. x2
You feel a bit more experienced.
The flame wave engulfs the yak!
You kill the yak!
Vehumet accepts your kill.
Your Fire Magic skill increases to level 11!
This spell is dangerous to cast!
Memorise Fulminant Prism, consuming 4 spell levels and leaving 16?
Vehumet grants you knowledge of Fulminant Prism.
You start memorising the spell.
You continue memorising. x2
The yak gores you.
Your memorisation is interrupted.
* * * LOW HITPOINT WARNING * * *
Casting: Flame Wave (safe; 1% risk of failure)
Confirm with . or Enter, or press ? or * to list all spells.
Casting: Flame Wave (safe; 1% risk of failure)
Press: ? - help, Dir - look around, f - activate You feel a surge of power!
A wave of flame ripples out!
The flame wave engulfs the yak!
The yak is moderately wounded. (Press . to intensify the flame waves.)
The yak completely misses you.
A wave of flame ripples out!
The flame wave engulfs the yak.
The yak is heavily wounded.
The yak gores you!
* * * LOW HITPOINT WARNING * * *
A wave of flame ripples out!
The flame wave engulfs the yak!
The yak is severely wounded.
You finish channelling waves of flame.
The yak gores you but does no damage. The yak gores you!
You die...

#### ††#
#Y#
##@######
#.>.....#
#..####.#
#....##.#
#.##.##.#
#.##.##.#
#<....#
#.......#
..##
#.....#
####.####
...
#.....#
##.#


You could see a yak.

Vanquished Creatures
  The ghost of dvd2 the Conjurer, a novice OpCj of Vehumet (D:7)
  A queen bee (D:9)
  A hornet (D:8)
  13 yaks (D:9)
  4 water moccasins
  3 ice beasts
  2 black bears
  An orc warrior (D:7)
  2 centaurs
  3 phantoms
  A kobold brigand (D:6)
  3 bullfrogs
  2 scorpions (D:5)
  A gnoll sergeant (D:7)
  11 wights
  17 killer bees (D:9)
  2 howler monkeys (D:8)
  An electric eel (D:7)
  4 hounds
  A jelly (D:5)
  5 orc priests
  3 sleepcaps
  5 iguanas
  9 orc wizards
  7 gnolls
  6 adders
  A white imp (D:6)
  A worm (D:3)
  31 orcs
  7 ball pythons
  14 endoplasms
  4 giant cockroaches
  4 goblins
  4 hobgoblins
  A jackal (D:2)
  9 quokkas
  6 bats
  4 frilled lizards
  13 kobolds
  7 rats
215 creatures vanquished.

Vanquished Creatures (others)
  477 foxfires
477 creatures vanquished.

Grand Total: 692 creatures vanquished

Notes
Turn   | Place    | Note
-------+----------+-------------------------------------------
     0 | D:1      | Jarnaxa the Deep Elf Fire Elementalist began the quest for
                  | the Orb.
     0 | D:1      | Reached XP level 1. HP: 10/10 MP: 6/6
   384 | D:1      | Reached XP level 2. HP: 11/15 MP: 5/8
  1391 | D:1      | Reached XP level 3. HP: 19/19 MP: 7/10
  1395 | D:1      | Learned a level 2 spell: Scorch
  2451 | D:2      | Identified the +4 chain mail of Distant Worlds {Dex+5}
  2738 | D:2      | Reached skill level 4 in Spellcasting
  3038 | D:2      | Found a faded altar of an unknown god.
  3202 | D:3      | Reached XP level 4. HP: 24/24 MP: 7/12
  3419 | D:3      | Noticed a centaur
  3423 | D:3      | Killed a centaur
  3424 | D:3      | Reached XP level 5. HP: 28/28 MP: 8/14
  3491 | D:3      | Reached skill level 5 in Spellcasting
  3852 | D:3      | Found an ornate altar of the Wu Jian Council.
  3859 | D:3      | Noticed a spectral centipede
  3859 | D:3      | Noticed a spectral black mamba
  3859 | D:3      | Noticed a spectral cane toad
  3912 | D:3      | Found a radiant altar of Vehumet.
  3923 | D:3      | Became a worshipper of Vehumet
  4089 | D:4      | Noticed a phantom
  4095 | D:4      | Killed a phantom
  4096 | D:4      | Reached skill level 5 in Fire Magic
  4308 | D:4      | Reached XP level 6. HP: 32/32 MP: 13/16
  4500 | D:4      | Found Irezytho's Book Shop.
  4843 | D:5      | Entered Level 5 of the Dungeon
  4862 | D:5      | Reached skill level 6 in Spellcasting
  4935 | D:5      | Noticed Mysteryquy's ghost (novice DrFi)
  4963 | D:5      | Found a runed translucent gate.
  4963 | D:5      | Found a runed translucent gate.
  5069 | D:5      | Found a runed translucent gate.
  5130 | D:5      | Reached XP level 7. HP: 20/36 MP: 8/18
  5332 | D:5      | Found a staircase to the Ecumenical Temple.
  5443 | D:5      | Reached skill level 7 in Spellcasting
  6237 | D:6      | Reached skill level 8 in Spellcasting
  6308 | D:6      | Reached skill level 5 in Conjurations
  6308 | D:6      | Reached XP level 8. HP: 41/41 MP: 14/22
  6821 | D:6      | Reached * piety under Vehumet
  6821 | D:6      | Offered knowledge of Shock by Vehumet.
  6916 | D:6      | Got Sif Muna's Exposition on the Felsic Scorpion
  7026 | D:6      | Reached skill level 9 in Spellcasting
  7234 | D:6      | Learned a level 1 spell: Shock
  7239 | D:6      | Learned a level 4 spell: Flame Wave
  7245 | D:6      | Learned a level 2 spell: Poisonous Vapours
  7249 | D:6      | Learned a level 3 spell: Ignite Poison
  7253 | D:6      | Learned a level 3 spell: Stone Arrow
  7475 | D:7      | Found a runed translucent door.
  7480 | D:7      | Noticed dvd2's ghost (novice OpCj)
  7594 | D:7      | Reached skill level 10 in Spellcasting
  7663 | D:7      | Reached XP level 9. HP: 45/45 MP: 15/25
  8357 | D:7      | Offered knowledge of Freeze by Vehumet.
  8604 | D:7      | Killed dvd2's ghost
  8604 | D:7      | Reached ** piety under Vehumet
  8756 | D:8      | Reached skill level 11 in Spellcasting
  9637 | D:9      | Learned a level 2 spell: Sublimation of Blood
  9681 | D:9      | Reached skill level 10 in Fire Magic
  9681 | D:9      | Reached XP level 10. HP: 41/50 MP: 11/27
  9682 | D:9      | Reached skill level 12 in Spellcasting
  9912 | D:9      | Offered knowledge of Dazzling Flash by Vehumet.
  9982 | D:9      | Reached *** piety under Vehumet
  9986 | D:9      | Reached skill level 1 in Air Magic
 10320 | D:9      | Reached skill level 13 in Spellcasting
 10528 | D:9      | Offered knowledge of Fulminant Prism by Vehumet.
 10538 | D:9      | Slain by a yak

Illustrated notes

Levels and vault maps discovered:
D:1:      reono_arrival_mine, layout_basic
D:2:      layout_loops_cross, shapermc_ecumenical_altar_hornbeckon,
          minmay_between
D:3:      layout_basic, mainiacjoe_overflow_alcove_2,
          pdpol_wu_jian_five_deadly_venoms
D:4:      layout_basic, serial_shops, nicolae_shop_peninsula,
          amcnicky_mini_pool_small
D:5:      layout_loops_ring, minmay_temple_entry_overgrown,
          gammafunk_ghost_split, dk_vineyard_1, kennysheep_dice
D:6:      wander_river, layout_basic
D:7:      layout_cave_pools, ebering_ghost_reflecting_pool,
          kennysheep_big_empty_room
D:8:      layout_rooms
D:9:      layout_loops_cross, mainiacjoe_overflow_alcove_4, minivault_7,
          uniq_amaemon

Skill      XL: |  1  2  3  4  5  6  7  8  9 10 |
---------------+-------------------------------+-----
Conjurations   | 2 3 5 6 8 9 |  9.2
Fire Magic     | 4 5 6 7 8 10 11 | 11.1
Spellcasting   | 4 5 6 8 10 11 13 | 13.7
Air Magic      | 1 |  1.1
Dodging        | |  2.4
Stealth        | |  2.4

Action                     |  1- 3 |  4- 6 |  7- 9 | 10-12 || total
---------------------------+-------+-------+-------+-------++-------
   Cast: Foxfire           |   112 |    32 |   149 |     4 ||   297
         Scorch            |    12 |    38 |    60 |    17 ||   127
         Flame Wave        |       |       |    15 |    12 ||    27
         Poisonous Vapours |       |       |     1 |       ||     1
         Shock             |       |       |    10 |       ||    10
    Use: Scroll            |     6 |       |    15 |       ||    21
         Potion            |       |       |     1 |     1 ||     2
 Armour: Robe              |    14 |     8 |    23 |     7 ||    52
  Dodge: Dodged            |    42 |     8 |    41 |    19 ||   110
